 Dungeon Crawl Stone Soup version 0.18-a0-1126-ga2d7f46 (webtiles) character file.

3972 varam the Basher (level 10, 0/65 HPs)
             Began as a Gargoyle Berserker on Jan 20, 2016.
             Was an Elder of Trog.
             Killed by divine providence
             ... invoked by an orc priest
              (10 damage)
             ... on level 7 of the Dungeon.
             The game lasted 00:30:28 (7642 turns).

varam the Basher (Gargoyle Berserker)               Turns: 7642, Time: 00:30:28

Health: 0/65       AC: 27    Str: 24    XL:     10   Next: 22%
Magic:  10/10      EV:  6    Int:  8    God:    Trog [****..]
Gold:   362        SH:  2    Dex:  9    Spells: 0 memorised, 9 levels left

rFire  . . .     SeeInvis .     F - +1 mace (crush)
rCold  . . .     Gourm    .     k - +0 plate armour
rNeg   + . .     Faith    .     i - +0 buckler
rPois  ∞         Spirit   .     s - +0 helmet (curse)
rElec  +         Dismiss  .     (no cloak)
rCorr  .         Reflect  .     y - +0 pair of gloves {archery}
SustAt .         Harm     .     m - +0 pair of boots
MR     .....                    (no amulet)
Stlth  ..........               (no ring)
                                t - +3 ring of protection (curse)

@: exhausted, not resistant to hostile enchantments, extremely unstealthy
A: negative energy resistance 1, electricity resistance, unbreathing,
petrification resistance, rot immunity, AC +7
a: Berserk, Trog's Hand, Brothers in Arms, Burn Spellbooks, Renounce Religion


You were on level 7 of the Dungeon.
You worshipped Trog.
Trog was greatly pleased with you.
You were hungry.

You visited 1 branch of the dungeon, and saw 7 of its levels.

You collected 362 gold pieces.

Inventory:

Hand Weapons
 x - a +0 whip
 E - a +0 flail
 F - a +1 mace of crushing (weapon)
Missiles
 A - 41 bolts
Armour
 i - a +0 buckler (worn)
 j - a +0 pair of gloves
 k - a +0 plate armour (worn)
 m - a +0 pair of boots (worn)
 s - a cursed +0 helmet (worn)
 y - a +0 pair of gloves of archery (worn)
Jewellery
 t - a cursed +3 ring of protection (left hand)
 C - an uncursed ring of wizardry {unknown}
Wands
 v - a wand of flame (27/48)
Scrolls
 b - a scroll of noise {unknown}
 f - 3 scrolls of blinking {unknown}
 g - 2 scrolls of enchant weapon {unknown}
 h - 3 scrolls of fog
 o - 3 scrolls of identify {unknown}
 q - 3 scrolls of remove curse
Potions
 d - 3 potions of flight {unknown}
 e - 5 potions of curing {unknown}
 l - a potion of resistance {unknown}
 n - 2 potions of brilliance {unknown}
 p - 5 potions of heal wounds {unknown}
 r - a potion of agility {unknown}
 w - 3 potions of berserk rage {unknown}
 B - a potion of ambrosia {unknown}
Books
 u - a book of Clouds

   Spells                             Type                      Level
   a - Mephitic Cloud                 Conjuration/Poison/Air       3
   b - Conjure Flame                  Conjuration/Fire             3
   c - Poisonous Cloud                Conjuration/Poison/Air       6
   d - Freezing Cloud                 Conjuration/Ice/Air          6
   e - Ring of Flames                 Charms/Fire                  7
   Trog disapproves of the use of such an item.
 D - a book of Power

   Spells                             Type                      Level
   a - Fulminant Prism                Conjuration/Hexes            4
   b - Iskenderun's Mystic Blast      Conjuration                  4
   c - Venom Bolt                     Conjuration/Poison           5
   d - Bolt of Magma                  Conjuration/Fire/Earth       5
   e - Iron Shot                      Conjuration/Earth            6
   f - Orb of Destruction             Conjuration                  7
   g - Spellforged Servitor           Conjuration/Summoning        7
   Trog disapproves of the use of such an item.
Comestibles
 a - a fruit
 c - 5 bread rations
 z - 6 chunks of flesh


   Skills:
 + Level 8.8 Fighting
 * Level 10.9 Maces & Flails
 + Level 7.3 Armour
 - Level 1.5 Dodging


You had 9 spell levels left.
You didn't know any spells.

Dungeon Overview and Level Annotations

Branches:
Dungeon (7/15)             Temple (0/1) D:5

Altars:
Makhleb
Okawaru


Innate Abilities, Weirdness & Mutations

You are resistant to torment.
Your stone body is resilient (AC +7).
You are immune to poison.
You resist negative energy.
You are resistant to electric shocks.
You can survive without breathing.
You are immune to petrification.
You are immune to rotting.


Message History

* * * LOW HITPOINT WARNING * * *
The orc knight hits you but does no damage.
You see here a hand axe.
Inscribe with what?
Okay, then.
The orc knight roars a battlecry!
The orc goes into a battle-frenzy!
The orc knight barely misses you.
The orc knight roars a battlecry!
The orc knight hits you but does no damage.
The orc knight hits you with a battleaxe.
* * * LOW HITPOINT WARNING * * *
The orc knight hits you with a battleaxe!
* * * LOW HITPOINT WARNING * * *
Some of the chunks of flesh in your inventory have rotted away.
You feel yourself speed up.
The orc priest mumbles some strange prayers to Beogh against you.
Something smites you!
You die...

...P≈≈#...#############''''######
....≈≈#...#......................
....≈≈#####≈≈≈≈≈≈≈≈≈≈≈≈....≈≈≈≈≈≈
....≈≈≈≈≈≈≈≈≈≈≈≈≈≈≈≈≈≈≈....≈≈≈≈≈≈
P...≈≈≈≈≈≈≈≈≈≈≈≈≈≈≈≈≈≈≈....≈≈≈≈≈≈
.................................
###.........#>......)...(........
#.#######.#####.####...........
#÷# #.##.#@.####....<...... #.#
#.##(o..#.............. #.#
#..#...##.............. #.#
#..o.#)##......#.#####.
#.#######.o###.##....#.#.# #.
#......###.###.##....#.#.#####.
######.#.......##....#.#.#.....
#.#.#.######....#.#.#..)..
#####.#.#...# ###.##.........


You could see an orc knight, an orc priest (frenzied) and an orc (frenzied).

Vanquished Creatures
  Grinder (D:3)
  Sigmund (D:5)
  12 wargs (D:7)
  The ghost of PinkishYellow the Ruffian, an amateur VSMo (D:3)
  3 sky beasts
  An ice beast (D:6)
  An orc warrior (D:7)
  A phantom (D:5)
  2 ogres (D:6)
  A centaur (D:5)
  A giant frog (D:6)
  4 killer bees (D:7)
  2 crimson imps
  A quasit (D:6)
  2 giant frog skeletons (D:6)
  A jelly (D:5)
  A giant frog zombie (D:6)
  7 orc priests
  A hound (D:7)
  9 orc wizards
  2 iguanas (D:6)
  3 worker ants
  A worker ant zombie (D:6)
  4 gnolls
  6 adders
  4 oozes
  An adder skeleton (D:5)
  5 worms
  7 giant geckos
  33 orcs
  5 bats
  7 giant cockroaches
  8 goblins
  10 hobgoblins
  A jackal (D:6)
  3 kobolds
  4 quokkas
  A giant newt (D:1)
  A jackal skeleton (D:4)
  A quokka skeleton (D:4)
  2 rats (D:3)
162 creatures vanquished.

Notes
Turn   | Place    | Note
--------------------------------------------------------------
     0 | D:1      | varam the Gargoyle Berserker began the quest for the Orb.
     0 | D:1      | Reached XP level 1. HP: 14/14 MP: 1/1
   367 | D:1      | Reached XP level 2. HP: 19/19 MP: 2/2
   904 | D:2      | Found a faded altar to an unknown god.
  1437 | D:2      | Reached skill level 4 in Fighting
  1437 | D:2      | Reached XP level 3. HP: 24/24 MP: 3/3
  1448 | D:2      | Found an iron altar of Okawaru.
  1876 | D:2      | Reached XP level 4. HP: 29/29 MP: 4/4
  2106 | D:2      | Reached ** piety under Trog
  2248 | D:3      | Noticed PinkishYellow's ghost (amateur VSMo)
  2261 | D:3      | Killed PinkishYellow's ghost
  2261 | D:3      | Reached skill level 5 in Maces & Flails
  2261 | D:3      | Reached XP level 5. HP: 34/34 MP: 5/5
  2417 | D:3      | Reached skill level 5 in Fighting
  2422 | D:3      | Reached XP level 6. HP: 40/40 MP: 6/6
  2431 | D:3      | Noticed Grinder
  2706 | D:3      | Killed Grinder
  2706 | D:3      | Reached skill level 6 in Maces & Flails
  2782 | D:3      | Reached XP level 7. HP: 44/44 MP: 7/7
  3746 | D:4      | Reached skill level 7 in Maces & Flails
  3858 | D:4      | Reached *** piety under Trog
  4086 | D:5      | Entered Level 5 of the Dungeon
  4403 | D:5      | Found a staircase to the Ecumenical Temple.
  4727 | D:5      | Reached XP level 8. HP: 46/52 MP: 8/8
  4834 | D:5      | Noticed Sigmund
  4854 | D:5      | Killed Sigmund
  4921 | D:5      | Reached skill level 8 in Maces & Flails
  5620 | D:6      | Reached skill level 5 in Armour
  5704 | D:6      | Reached skill level 9 in Maces & Flails
  5704 | D:6      | Reached XP level 9. HP: 57/57 MP: 9/9
  6681 | D:7      | Found a burning altar of Makhleb.
  6736 | D:7      | Reached **** piety under Trog
  6805 | D:7      | Reached skill level 10 in Maces & Flails
  7283 | D:7      | Reached XP level 10. HP: 65/65 MP: 10/10
  7617 | D:7      | Noticed an orc knight
  7642 | D:7      | Killed from afar by an orc priest

Vault maps used:
D:1:      lemuel_arrival_funnel, minmay_box_of_dots
D:2:      ecumenical_altar_2, minmay_tree_intersection,
          okawaru_altar_gauntlet_db
D:3:      small_statue_alley_b, uniq_grinder
D:4:      first_bread
D:5:      nicolae_overflow_hidden_temple, minmay_temple_entry_purple_smoke,
          uniq_sigmund
D:6:      kennysheep_windowed_halls, nicolae_tso_besieged_by_evil
D:7:      lemuel_castle_with_subvaults, basic_altar, amethyst_killhole

Action                   |  1- 3 |  4- 6 |  7- 9 | 10-12 || total
-------------------------+-------+-------+-------+-------++-------
Melee: Mace              |    12 |       |       |     1 ||    13
       Whip              |    73 |   124 |   791 |    77 ||  1065
       Hand axe          |    23 |    30 |    57 |       ||   110
Invok: Berserk           |     1 |     3 |     7 |     1 ||    12
       Trog's Hand       |       |     2 |     6 |       ||     8
  Use: Scroll            |       |     5 |       |       ||     5
  Eat: Meat ration       |     1 |     1 |       |       ||     2
       Chunk             |       |     4 |    14 |     3 ||    21
       Beef jerky        |       |       |     1 |       ||     1
       Fruit             |       |       |     3 |       ||     3
